TOP OF THE 1ST |
Louisville Bats batting - Pitching for New Orleans Zephyrs : RHP Chris Funderburg
|
Pitching: RHP Chris Funderburg
|
|
Batting: SHB Paul Sandoval
|
0-0: Bunt missed! 0-1: Ball 1-1: Ball 2-1: Ball 3-1: Foul Ball, location: 2F 3-2: Foul Ball, location: 2F 3-2: Foul Ball, location: 2F 3-2: Base on Balls
|
Batting: RHB Chase Briney
|
0-0: Ball Paul Sandoval is caught stealing 2nd base 2-4 1-0: Ball 2-0: SINGLE (Groundball, 6MD, EV 108.1 MPH)
|
Batting: RHB Jason Harris
|
0-0: Called Strike 0-1: Foul Ball, location: 2F 0-2: Ball Wild Pitch! Chase Briney to second 1-2: Foul Ball, location: 2F 1-2: SINGLE (Flyball, 4MD, EV 93.1 MPH) Chase Briney to third
|
Batting: SHB Freddie Farrar
|
0-0: Called Strike 0-1: Ball 1-1: Ball 2-1: Foul Ball, location: 2F 2-2: Ball 3-2: Strikes out swinging
|
Batting: SHB Tim Utz
|
0-0: Called Strike 0-1: Ball 1-1: Foul Ball, location: 2F 1-2: Strikes out swinging
|
Top of the 1st over - 0 runs, 2 hits, 0 errors, 2 left on base; Louisville 0 - New Orleans 0 |
BOTTOM OF THE 1ST |
New Orleans Zephyrs batting - Pitching for Louisville Bats : RHP Matt Flink
|
Pitching: RHP Matt Flink
|
|
Batting: RHB Jerry Delgado
|
0-0: Ball 1-0: SINGLE (Flyball, 6MD, EV 87.5 MPH)
|
Batting: SHB Ramon Martinez
|
0-0: Grounds into double play, 4-6-3 (Groundball, 4, EV 88.1 MPH)
|
Batting: RHB Omar Contreras
|
0-0: Ball 1-0: Called Strike 1-1: Swinging Strike 1-2: Strikes out swinging
|
Bottom of the 1st over - 0 runs, 1 hit, 0 errors, 0 left on base; Louisville 0 - New Orleans 0 |
TOP OF THE 2ND |
Louisville Bats batting - Pitching for New Orleans Zephyrs : RHP Chris Funderburg
|
Pitching: RHP Campbell Wagenmakers
|
|
Batting: RHB Danny Real
|
0-0: Ball 1-0: Ball 2-0: Ball 3-0: Called Strike 3-1: Ground out 6-3 (Groundball, 56, EV 86.3 MPH)
|
Batting: RHB Estanislau Gosendes
|
0-0: Ball 1-0: Ball 2-0: Called Strike 2-1: Foul Ball, location: 2F 2-2: Ball 3-2: Foul Ball, location: 2F 3-2: Base on Balls
|
Batting: RHB Gerald de Vries
|
0-0: Called Strike 0-1: Ball 1-1: Foul Ball, location: 2F 1-2: Ball 2-2: SINGLE (Flyball, 56D, EV 90.0 MPH) Estanislau Gosendes to second
|
Batting: RHB Yasusaburo Kuwahara
|
0-0: Called Strike 0-1: Foul Ball, location: 2F 0-2: Ball 1-2: Fly out, F8 (Flyball, 8RXD, EV 97.5 MPH) Runner from 2nd tags up, SAFE at 3rd, no throw by CF
|
Batting: SHB Paul Sandoval
|
0-0: Ball 1-0: Fly out, F7 (Flyball, 78D, EV 101.3 MPH)
|
Top of the 2nd over - 0 runs, 1 hit, 0 errors, 2 left on base; Louisville 0 - New Orleans 0 |
BOTTOM OF THE 2ND |
New Orleans Zephyrs batting - Pitching for Louisville Bats : RHP Matt Flink
|
Batting: RHB Alex Gomez
|
0-0: Called Strike 0-1: Ground out 3-1 (Groundball, 34S, EV 80.0 MPH)
|
Batting: RHB Chris Lee
|
0-0: Ball 1-0: Foul Ball, location: 2F 1-1: Ball 2-1: Ball 3-1: Foul Ball, location: 2F 3-2: Base on Balls
|
Batting: RHB Jesus Castillo
|
0-0: Ball 1-0: SINGLE (Flyball, 89S, EV 86.9 MPH) Chris Lee to second
|
Batting: RHB Kyle Ashton
|
0-0: Called Strike 0-1: Fielders Choice at 2nd, 6-4 (Groundball, 6, EV 105.6 MPH) Chris Lee to third
|
Batting: RHB Humberto Oros
|
0-0: Swinging Strike 0-1: Ball 1-1: Ball 2-1: Ground out 5-3 (Groundball, 56, EV 99.4 MPH)
|
Bottom of the 2nd over - 0 runs, 1 hit, 0 errors, 2 left on base; Louisville 0 - New Orleans 0 |
TOP OF THE 3RD |
Louisville Bats batting - Pitching for New Orleans Zephyrs : RHP Campbell Wagenmakers
|
Batting: RHB Chase Briney
|
0-0: Foul Ball, location: 2F 0-1: Foul Ball, location: 2F 0-2: Ball 1-2: Foul Ball, location: 2F 1-2: Ball 2-2: Ball 3-2: Ground out 4-3 (Groundball, 4, EV 79.4 MPH)
|
Pitching: RHP Mike Myers
|
|
Batting: RHB Jason Harris
|
0-0: Called Strike 0-1: Fly out, F9 (Line Drive, 9D, EV 94.4 MPH)
|
Batting: SHB Freddie Farrar
|
0-0: Ball 1-0: Called Strike 1-1: Swinging Strike 1-2: Strikes out swinging
|
Top of the 3rd over - 0 runs, 0 hits, 0 errors, 0 left on base; Louisville 0 - New Orleans 0 |
BOTTOM OF THE 3RD |
New Orleans Zephyrs batting - Pitching for Louisville Bats : RHP Matt Flink
|
Batting: RHB Katsutaka Inouye
|
0-0: DOUBLE (Line Drive, 8LXD, EV 106.9 MPH)
|
Batting: RHB Jerry Delgado
|
0-0: Called Strike 0-1: Foul Ball, location: 2F 0-2: Ball 1-2: Ground out 4-3 (Groundball, 4, EV 85.0 MPH) Katsutaka Inouye to third
|
Batting: SHB Ramon Martinez
|
0-0: Ground out U3 (Groundball, 3L, EV 93.8 MPH)
|
Batting: RHB Omar Contreras
|
0-0: Ball 1-0: Called Strike 1-1: Ball 2-1: Called Strike 2-2: Foul Ball, location: 2F 2-2: Foul Ball, location: 2F 2-2: Strikes out swinging
|
Bottom of the 3rd over - 0 runs, 1 hit, 0 errors, 1 left on base; Louisville 0 - New Orleans 0 |
TOP OF THE 4TH |
Louisville Bats batting - Pitching for New Orleans Zephyrs : RHP Mike Myers
|
Batting: SHB Tim Utz
|
0-0: Fly out, F8 (Line Drive, 8LD, EV 94.4 MPH)
|
Batting: RHB Danny Real
|
0-0: Called Strike 0-1: Fly out, F8 (Flyball, 78M, EV 86.3 MPH)
|
Batting: RHB Estanislau Gosendes
|
0-0: Ball 1-0: Called Strike 1-1: Called Strike 1-2: Ball 2-2: Fly out, F8 (Flyball, 89M, EV 90.0 MPH)
|
Top of the 4th over - 0 runs, 0 hits, 0 errors, 0 left on base; Louisville 0 - New Orleans 0 |
BOTTOM OF THE 4TH |
New Orleans Zephyrs batting - Pitching for Louisville Bats : RHP Matt Flink
|
Batting: RHB Alex Gomez
|
0-0: Ball 1-0: Ground out 4-3 (Groundball, 4, EV 79.4 MPH)
|
Batting: RHB Chris Lee
|
0-0: Ball 1-0: Ground out 5-3 (Groundball, 5, EV 81.3 MPH)
|
Batting: RHB Jesus Castillo
|
0-0: Ball 1-0: Ball 2-0: Ball 3-0: Base on Balls
|
Batting: RHB Kyle Ashton
|
0-0: Ball 1-0: Swinging Strike 1-1: Swinging Strike 1-2: Ball 2-2: Strikes out looking
|
Bottom of the 4th over - 0 runs, 0 hits, 0 errors, 1 left on base; Louisville 0 - New Orleans 0 |
TOP OF THE 5TH |
Louisville Bats batting - Pitching for New Orleans Zephyrs : RHP Mike Myers
|
Batting: RHB Gerald de Vries
|
0-0: Called Strike 0-1: Ball 1-1: Ball 2-1: Ball 3-1: Base on Balls
|
Pitching: LHP Alex Villarreal
|
|
Batting: RHB Yasusaburo Kuwahara
|
0-0: Ball 1-0: Foul Ball, location: 2F 1-1: Foul Ball, location: 2F 1-2: Foul Ball, location: 2F 1-2: Foul Ball, location: 2F 1-2: Strikes out swinging
|
Batting: SHB Paul Sandoval
|
0-0: Called Strike 0-1: Called Strike 0-2: Fly out, F9 (Flyball, 89S, EV 87.5 MPH)
|
Batting: RHB Chase Briney
|
0-0: Ball 1-0: Foul Ball, location: 2F 1-1: Called Strike 1-2: Fielders Choice at 2nd, 6-4 (Groundball, 6, EV 92.5 MPH)
|
Top of the 5th over - 0 runs, 0 hits, 0 errors, 1 left on base; Louisville 0 - New Orleans 0 |
BOTTOM OF THE 5TH |
New Orleans Zephyrs batting - Pitching for Louisville Bats : RHP Matt Flink
|
Batting: RHB Humberto Oros
|
0-0: Called Strike 0-1: Ball 1-1: Ball 2-1: Foul Ball, location: 2F 2-2: Foul Ball, location: 2F 2-2: Ball 3-2: DOUBLE (Line Drive, 3D, EV 96.9 MPH)
|
Batting: RHB Katsutaka Inouye
|
0-0: Ground out 4-3 (Groundball, 4, EV 88.1 MPH) Humberto Oros to third
|
Batting: RHB Jerry Delgado
|
0-0: Ball 1-0: Foul Ball, location: 2F 1-1: Swinging Strike 1-2: Foul Ball, location: 2F 1-2: Strikes out swinging
|
Batting: SHB Ramon Martinez
|
0-0: Called Strike 0-1: Ball 1-1: Ball 2-1: Ground out 5-3 (Groundball, 56, EV 89.4 MPH)
|
Bottom of the 5th over - 0 runs, 1 hit, 0 errors, 1 left on base; Louisville 0 - New Orleans 0 |
TOP OF THE 6TH |
Louisville Bats batting - Pitching for New Orleans Zephyrs : LHP Alex Villarreal
|
Batting: RHB Jason Harris
|
0-0: Foul Ball, location: 2F 0-1: Ball 1-1: Fly out, F9 (Flyball, 89S, EV 84.4 MPH)
|
Batting: SHB Freddie Farrar
|
0-0: Ball 1-0: Called Strike 1-1: SINGLE (Popup, 4D, EV 65.0 MPH)
|
Batting: SHB Tim Utz
|
0-0: Called Strike 0-1: Ball 1-1: Fly out, F9 (Flyball, 9LS, EV 94.4 MPH)
|
Batting: RHB Danny Real
|
0-0: Ball 1-0: Fielders Choice at 2nd, 5-4 (Groundball, 56, EV 86.9 MPH)
|
Top of the 6th over - 0 runs, 1 hit, 0 errors, 1 left on base; Louisville 0 - New Orleans 0 |
BOTTOM OF THE 6TH |
New Orleans Zephyrs batting - Pitching for Louisville Bats : RHP Matt Flink
|
Batting: RHB Omar Contreras
|
0-0: Called Strike 0-1: SINGLE (Groundball, 25, EV 71.9 MPH) (infield hit)
|
Batting: RHB Alex Gomez
|
0-0: Ball 1-0: Foul Ball, location: 2F 1-1: Foul Ball, location: 2F 1-2: Fielders Choice at 2nd, 4-6 (Groundball, 4M, EV 99.4 MPH)
|
Batting: RHB Chris Lee
|
0-0: Ball Wild Pitch! Alex Gomez to second 1-0: Called Strike 1-1: Foul Ball, location: 2F 1-2: SINGLE (Line Drive, 89S, EV 107.5 MPH) Alex Gomez to third
|
Batting: RHB Jesus Castillo
|
0-0: Swinging Strike 0-1: Ball 1-1: Ball 2-1: SINGLE (Flyball, 9S, EV 86.3 MPH) Alex Gomez scores Chris Lee to second Runner from 2nd tries for 3rd, SAFE, throw by RF made to third
|
Batting: RHB Kyle Ashton
|
0-0: Ball 1-0: Swinging Strike 1-1: Grounds into double play, 4-6-3 (Groundball, 4, EV 83.1 MPH)
|
Bottom of the 6th over - 1 run, 3 hits, 0 errors, 1 left on base; Louisville 0 - New Orleans 1 |
TOP OF THE 7TH |
Louisville Bats batting - Pitching for New Orleans Zephyrs : LHP Alex Villarreal
|
Pitching: LHP Jordan Hernandez
|
|
Batting: RHB Estanislau Gosendes
|
0-0: Ball 1-0: Ball 2-0: Ground out 6-3 (Groundball, 56, EV 83.8 MPH)
|
Batting: RHB Gerald de Vries
|
0-0: Called Strike 0-1: Ground out U3 (Groundball, 34S, EV 82.5 MPH)
|
Batting: RHB Yasusaburo Kuwahara
|
0-0: Ground out 6-3 (Groundball, 6, EV 103.8 MPH)
|
Top of the 7th over - 0 runs, 0 hits, 0 errors, 0 left on base; Louisville 0 - New Orleans 1 |
BOTTOM OF THE 7TH |
New Orleans Zephyrs batting - Pitching for Louisville Bats : RHP Matt Flink
|
Batting: RHB Humberto Oros
|
0-0: Swinging Strike 0-1: SINGLE (Groundball, 56S, EV 66.9 MPH) (infield hit)
|
Batting: RHB Katsutaka Inouye
|
0-0: Bunt missed! 0-1: Sac Bunt to 13 - play at first, batter safe! Humberto Oros to second
|
Batting: RHB Jerry Delgado
|
0-0: Ball 1-0: Swinging Strike 1-1: Swinging Strike 1-2: Ball 2-2: Ball Wild Pitch! Humberto Oros to third Katsutaka Inouye to second 3-2: Base on Balls
|
Pitching: RHP Casey Truax
|
|
Batting: SHB Ramon Martinez
|
0-0: Called Strike 0-1: Swinging Strike 0-2: Ball 1-2: Foul Ball, location: 2F 1-2: SINGLE (Groundball, 4M, EV 80.6 MPH) (infield hit) Humberto Oros scores Katsutaka Inouye to third Jerry Delgado to second
|
Batting: RHB Omar Contreras
|
0-0: Called Strike 0-1: Ball 1-1: Ball 2-1: Called Strike 2-2: Ball 3-2: Strikes out looking
|
Batting: RHB Alex Gomez
|
0-0: SINGLE (Groundball, 56, EV 95.0 MPH) Katsutaka Inouye scores Jerry Delgado to third Ramon Martinez to second Runner from 3rd tries for Home, SAFE, throw by LF to home
|
Batting: RHB Chris Lee
|
0-0: Ball 1-0: Ball 2-0: Grounds into double play, 1-4-3 (Groundball, 15S, EV 72.5 MPH)
|
Bottom of the 7th over - 3 runs, 4 hits, 0 errors, 1 left on base; Louisville 0 - New Orleans 4 |
TOP OF THE 8TH |
Louisville Bats batting - Pitching for New Orleans Zephyrs : LHP Jordan Hernandez
|
Batting: SHB Paul Sandoval
|
0-0: Called Strike 0-1: Ball 1-1: Ball 2-1: Foul Ball, location: 2F 2-2: Ball 3-2: Ground out 4-3 (Groundball, 4, EV 95.0 MPH)
|
Batting: RHB Chase Briney
|
0-0: Called Strike 0-1: SINGLE (Groundball, 56D, EV 101.9 MPH)
|
Batting: RHB Jason Harris
|
0-0: Called Strike 0-1: Foul Ball, location: 2F 0-2: Strikes out swinging
|
Batting: SHB Freddie Farrar
|
0-0: Ball 1-0: Swinging Strike 1-1: Fly out, F7 (Flyball, 78S, EV 91.9 MPH)
|
Top of the 8th over - 0 runs, 1 hit, 0 errors, 1 left on base; Louisville 0 - New Orleans 4 |
BOTTOM OF THE 8TH |
New Orleans Zephyrs batting - Pitching for Louisville Bats : RHP Casey Truax
|
Pitching: LHP Elijah McLeod
|
|
Batting: RHB Jesus Castillo
|
0-0: Called Strike 0-1: Ground out 5-3 (Groundball, 56, EV 84.4 MPH)
|
Batting: RHB Kyle Ashton
|
0-0: Ball 1-0: Ball 2-0: Ball 3-0: Base on Balls
|
Batting: RHB Humberto Oros
|
0-0: Ball 1-0: Fly out, F6 (Line Drive, 6, EV 64.4 MPH)
|
Batting: RHB Katsutaka Inouye
|
0-0: Called Strike Kyle Ashton steals 2nd base 0-1: Ground out 6-3 (Groundball, 6, EV 111.3 MPH)
|
Bottom of the 8th over - 0 runs, 0 hits, 0 errors, 1 left on base; Louisville 0 - New Orleans 4 |
TOP OF THE 9TH |
Louisville Bats batting - Pitching for New Orleans Zephyrs : LHP Jordan Hernandez
|
Batting: SHB Tim Utz
|
0-0: Ball 1-0: Swinging Strike 1-1: Ball 2-1: Foul Ball, location: 2F 2-2: Ball 3-2: Base on Balls
|
Batting: RHB Danny Real
|
0-0: Ball 1-0: Swinging Strike 1-1: Ball 2-1: Called Strike 2-2: Foul Ball, location: 2F 2-2: Ball 3-2: Foul Ball, location: 2F 3-2: 2-RUN HOME RUN (Flyball, 78XD, EV 114.4 MPH), Distance : 452 ft
|
Batting: RHB Estanislau Gosendes
|
0-0: Ball 1-0: Ball 2-0: Foul Ball, location: 2F 2-1: Ball 3-1: Called Strike 3-2: Foul Ball, location: 2F 3-2: Base on Balls
|
Pitching: RHP Matt Murray
|
|
Pinch Hitting: LHB Randy Racine
|
0-0: Called Strike 0-1: Ball 1-1: Ball 2-1: Foul Ball, location: 2F 2-2: Foul Ball, location: 2F 2-2: Fielders Choice at 2nd, 4-6 (Groundball, 4, EV 109.4 MPH)
|
Batting: RHB Yasusaburo Kuwahara
|
0-0: Ball 1-0: Ball 2-0: Foul Ball, location: 2F 2-1: SINGLE (Groundball, 6D, EV 100.0 MPH) Randy Racine to second
|
Batting: SHB Paul Sandoval
|
0-0: Foul Ball, location: 2F 0-1: Ball 1-1: Fielders Choice at 2nd, 1-4 (Groundball, 15S, EV 66.9 MPH) Randy Racine to third
|
Batting: RHB Chase Briney
|
0-0: Foul Ball, location: 2F 0-1: Called Strike 0-2: Strikes out swinging
|
Top of the 9th over - 2 runs, 2 hits, 0 errors, 2 left on base; Louisville 2 - New Orleans 4 |
|